 Dungeon Crawl Stone Soup version 0.29.1-15-g9cfb28693d (webtiles) character file.

Game seed: 14429689873005234192

100582 FexLirch the Eclecticist (level 17, -1/146 HPs)
             Began as a Meteoran Earth Elementalist on Mar 2, 2023.
             Was the Champion of Kikubaaqudgha.
             Succumbed to poison (dark miasma)
             ... on level 4 of the Swamp.
             The game lasted 01:59:19 (8065 turns).

FexLirch the Eclecticist (MeEE)                     Turns: 8065, Time: 01:59:20

Health: -1/146     AC:  8    Str: 12    XL:     17   Next: 35%
Magic:  25/38      EV: 14    Int: 35    God:    Kikubaaqudgha [******]
Gold:   542        SH: 12    Dex: 13    Spells: 7/49 levels left

rFire   . . .      SeeInvis .   G - +2 spear (vamp)
rCold   . . .      Faith    +   H - +1 kite shield
rNeg    . . .      Spirit   .   Q - +0 troll leather armour
rPois   .          Reflect  .   V - +2 hat {Int+3}
rElec   +          Harm     .   y - +0 cloak
rCorr   .          Rampage  .   (no gloves)
Will    +++..                   x - +0 pair of boots
Stlth   +.........              J - amulet of faith
HPRegen 1.14/turn               q - +6 ring of intelligence
MPRegen 0.26/turn               C - ring "Morchoxorph" {rElec Will+ Int+3 Dex-2}

@: lethally poisoned (-1 -> -15), slowed, glowing, very slow
A: sense surroundings 2, otherworldly, glowing, explore regen
a: Renounce Religion, Unearth Wretches, Torment, Brand Weapon With Pain, Receive
Forbidden Knowledge


You were on level 4 of the Swamp.
You worshipped Kikubaaqudgha.
Kikubaaqudgha was exalted by your worship.
You visited 5 branches of the dungeon, and saw 26 of its levels.
You also visited: Bailey.

You collected 1566 gold pieces.
You spent 1024 gold pieces at shops.

Inventory:

Hand Weapons
 m - a +2 halberd of electrocution
 n - a +4 vorpal flail
 G - a +2 vampiric spear (weapon)
 M - a +2 long sword of holy wrath
Missiles
 c - a javelin
 d - 11 poisoned darts
 S - 5 silver javelins (quivered)
 W - a throwing net
Armour
 x - a +0 pair of boots (worn)
 y - a +0 cloak (worn)
 H - a +1 kite shield (worn)
 Q - a +0 troll leather armour (worn)
 V - a +2 hat of intelligence (worn)
 X - the +0 scale mail of Rallonis {Int+2}
   (You found it on level 2 of the Swamp)

   Int:       It affects your intelligence (+2).
Jewellery
 l - a ring of see invisible
 q - a +6 ring of intelligence (left hand)
 s - a +4 ring of protection
 t - a ring of protection from fire
 C - the ring "Morchoxorph" (right hand) {rElec Will+ Int+3 Dex-2}
   (You acquired it on level 11 of the Dungeon)

   [ring of willpower]

   Int:       It affects your intelligence (+3).
   Dex:       It affects your dexterity (-2).
   rElec:     It insulates you from electricity.
   Will:      It increases your willpower.
 J - an amulet of faith (around neck)
 Y - a ring of wizardry
Wands
 a - a wand of flame (22)
 F - a wand of mindburst (7)
 K - a wand of acid (7)
 L - a wand of polymorph (4)
Scrolls
 f - 3 scrolls of vulnerability
 g - a scroll of amnesia {unknown}
 i - 12 scrolls of teleportation
 r - 3 scrolls of summoning
 u - 2 scrolls of fear
 v - a scroll of enchant weapon {unknown}
 w - a scroll of blinking
 A - 5 scrolls of magic mapping
 B - a scroll of immolation
 E - a scroll of fog {unknown}
 R - 2 scrolls of noise
Potions
 b - a potion of magic
 e - 2 potions of attraction
 j - 9 potions of haste
 k - 4 potions of brilliance
 o - 5 potions of curing
 p - 5 potions of might
 z - a potion of berserk rage {unknown}
 D - 5 potions of lignification
 I - 3 potions of flight
 N - 3 potions of resistance
 P - 2 potions of mutation
 T - 4 potions of heal wounds
 U - a potion of cancellation
 Z - a potion of ambrosia {unknown}
Miscellaneous
 O - a condenser vane


   Skills:
 + Level 12.0 Fighting
 + Level 9.0 Dodging
 - Level 1.4 Stealth
 + Level 10.4 Shields
 + Level 16.6 Spellcasting
 - Level 6.0 Conjurations
 + Level 10.0 Hexes
 * Level 15.7 Necromancy
 - Level 1.2 Transmutations
 + Level 9.2 Ice Magic
 - Level 8.0 Earth Magic


You had 7 spell levels left.
You knew the following spells:

 Your Spells              Type           Power      Damage    Failure   Level
a - Sandblast             Erth           100%       2d20      1%          1
b - Passwall              Tmut/Erth      47%        N/A       1%          2
c - Stone Arrow           Conj/Erth      100%       3d13      1%          3
d - Animate Dead          Necr           95%        N/A       1%          4
e - Anguish               Hex/Necr       43%        N/A       1%          4
f - Borgnjor's Vile Clut  Necr/Erth      42%        N/A       1%          5
g - Dispel Undead         Necr           95%        3d30      1%          4
h - Death Channel         Necr           47%        N/A       1%          6
i - Vampiric Draining     Necr           95%        2d12      1%          3
j - Simulacrum            Ice/Necr       43%        N/A       3%          6
k - Cause Fear            Hex            39%        N/A       1%          4

Your spell library contained the following spells:

 Spells                   Type           Power      Damage    Failure   Level
 Necrotise                Necr           100%       1d9       0%          1
 Dazzling Flash           Conj/Hex       100%       N/A       1%          3
 Inner Flame              Hex/Fire       59%        N/A       1%          3
 Agony                    Necr           95%        N/A       1%          5
 Petrify                  Tmut/Erth      57%        N/A       5%          4
 Silence                  Hex/Air        29%        N/A       13%         5
 Borgnjor's Revivificati  Necr           47%        N/A       36%         8
 Discord                  Hex            39%        N/A       98%         8
 Death's Door             Necr           47%        N/A       99%         9
 Necromutation            Tmut/Necr      36%        N/A       100%        8


Dungeon Overview and Level Annotations

Branches:
Dungeon (14/15) Zot: 3424  Temple (1/1) D:6 Zot: 577    Lair (5/5) D:8 Zot: 1498
  Swamp (4/4) Lair:3 Zot: 1476   Snake (0/4) Lair:3          Orc (2/2) D:10 Zot: 459
    Elf (0/3) Orc:2        Bailey (visited)
  Slime: Lair:4-5    Vaults: D:13-14

Altars:
Ashenzari
Cheibriados
Elyvilon
Fedhas
Gozag
Hepliaklqana
Kikubaaqudgha
Qazlal
Sif Muna
Uskayaw
Vehumet
Wu Jian

Shops:
D:1 !!?(!   D:2 (   D:13 (   Orc:2 !![=!


Innate Abilities, Weirdness & Mutations

You passively map the area around you.
You are easily found by Zot.
You glow in the dark.
You regain HP and MP as you explore.


Message History

A swamp dragon zombie comes into view.
Casting: Dispel Undead (safe; 1% risk of failure)
Confirm with . or Enter, or press ? or * to list all spells.
Aiming: Dispel Undead (safe; 1% risk of failure)
Press: ? - help, Shift-Dir - straight line, f - alligator zombie
Aim: an alligator zombie (100% to hit)
The alligator zombie is dispelled!!!
You are engulfed in dark miasma.
You are more poisoned.
You feel extremely sick.
Your hornet zombie hits the alligator zombie.
The alligator zombie bites you.
* * * LOW HITPOINT WARNING * * *
The alligator zombie misses you.
Your hornet zombie hits the alligator zombie!
The alligator zombie bites you!
* * * LOW HITPOINT WARNING * * *
The alligator zombie closely misses you.
You feel much better.
You feel extremely sick.
Your hornet zombie hits the alligator zombie.
The alligator zombie bites you!
* * * LOW HITPOINT WARNING * * *
The alligator zombie tail-slaps you!
* * * LOW HITPOINT WARNING * * *
A four-headed hydra zombie comes into view.
The alligator zombie bites you!
* * * LOW HITPOINT WARNING * * *
The alligator zombie tail-slaps you but does no damage.
Your hornet zombie hits the alligator zombie.
The alligator zombie bites you.
* * * LOW HITPOINT WARNING * * *
The alligator zombie barely misses you.
Okay, then.
Unknown command.
Unknown command.
Blink to where?
Press: ? - help, Dir - move target, p - alligator zombie
As you read the scroll of blinking, it crumbles to dust.
You die...
Kikubaaqudgha rasps: "You have failed me!
Welcome... death!"

.~~~~~~.#≈~Z≈≈≈≈≈≈##
...~~~..###~≈≈≈≈###
.♣♣.....♣ #..≈≈## ♣
♣♣~~~♣♣ #...### ** ~
♣~♣♣♣ ##...≈# , * *
* #....# * ##°Z.# ,
* * * #°○.## , , * *
##..@#* , , , ##ZZ##
* *#ZZZ## , ** *, ,
##ZZZ## ** * ,
##ZZZ# , ##Z§#* ,*
#ZZ#, *,,~ #ZZ. ,
Z.Z≈≈


You could see a spectral swamp dragon, 3 alligator zombies, a friendly swamp
dragon simulacrum, 4 friendly bunyip simulacra, a friendly swamp drake zombie, a
friendly death drake zombie, a friendly swamp dragon zombie, 2 friendly hornet
zombies, a friendly spriggan rider zombie, a friendly spriggan berserker zombie
and a friendly eleionoma zombie.

Vanquished Creatures
  A thorn hunter (Swamp:3)
  2 bunyips
  Snorg (Lair:4)
  A shambling mangrove (Swamp:4)
  3 boulder beetles
  2 ghost crabs
  2 hydras
  An ogre mage (Orc:2)
  3 catoblepae
  10 two-headed ogres
  2 alligators
  Urug (D:11)
  4 death yaks
  Lodul (D:12)
  4 goliath frogs
  A swamp dragon (Swamp:1)
  A death drake (Swamp:2)
  2 bog bodies (Swamp:1)
  2 orc knights
  A deep elf zephyrmancer (D:13)
  A deep elf pyromancer (D:10)
  3 orc sorcerers
  An oklob plant (Lair:4)
  A cyclops (D:11)
  A will-o-the-wisp (Swamp:2)
  A manticore (D:11)
  Maurice (D:12)
  2 cane toads
  A gargoyle (D:13)
  A kobold demonologist (D:6)
  A swamp worm zombie (Swamp:4)
  3 komodo dragons
  5 polar bears
  A bloated husk (Swamp:2)
  2 trolls
  Prince Ribbit (D:9)
  7 hornets
  2 tyrant leeches (Swamp:2)
  An alligator zombie (Swamp:4)
  2 blink frogs
  2 spriggans
  A wraith (D:12)
  12 yaks
  A hog (D:9)
  2 wyverns
  7 vampire mosquitoes
  2 swamp worms
  2 wargs (D:8)
  Menkaure (D:6)
  7 water moccasins
  A sky beast (D:7)
  A swamp drake (Swamp:2)
  13 orc warriors
  A black bear (D:5)
  A wolf (Lair:3)
  5 centaurs
  21 ogres
  3 phantoms
  4 kobold brigands
  8 bullfrogs
  2 gnoll sergeants
  A scorpion (D:6)
  7 wights
  3 killer bees (D:11)
  2 electric eels (D:10)
  3 howler monkeys
  3 hounds
  3 jellies
  A gnoll bouda (D:4)
  6 iguanas
  19 orc priests
  18 orc wizards
  26 gnolls
  9 adders
  A shadow imp (D:7)
  2 white imps
  An ufetubus (D:5)
  A worm (D:4)
  3 dart slugs (D:1)
  37 orcs
  4 ball pythons
  6 endoplasms
  4 giant cockroaches (D:1)
  4 hobgoblins
  2 jackals (D:1)
  2 quokkas (D:1)
  A bat (D:1)
  A frilled lizard (D:1)
  10 goblins
  12 kobolds
  3 rats
375 creatures vanquished.

Vanquished Creatures (collateral kills)
  A thorn hunter (Swamp:2)
  2 eleionomae
  A bunyip (Swamp:1)
  Azrael (Orc:2)
  A shambling mangrove (Swamp:4)
  4 hydras
  3 ogre magi (Orc:2)
  A catoblepas (Lair:5)
  6 alligators
  6 two-headed ogres (Orc:2)
  A spriggan berserker (Swamp:4)
  12 death yaks
  Nergalle (Lair:2)
  A spriggan rider (Swamp:4)
  3 goliath frogs
  3 spriggan druids
  2 swamp dragons
  An orc knight (Orc:2)
  5 bog bodies
  2 manticores (Lair:5)
  4 will-o-the-wisps
  A black mamba (shapeshifter) (D:13)
  7 cane toads
  2 swamp worm zombies (Swamp:4)
  2 komodo dragons
  2 trolls
  3 tyrant leeches
  2 polar bears (D:9)
  8 hornets
  A dream sheep (D:9)
  6 blink frogs
  5 spriggans
  A wyvern (D:9)
  15 yaks
  A basilisk (Lair:4)
  2 fire elementals (Orc:2)
  A vampire mosquito (Swamp:4)
  8 swamp worms
  A warg (Orc:2)
  2 hell hounds (Orc:2)
  8 water moccasins
  2 swamp drakes
  5 orc warriors
  4 black bears
  11 ogres
  4 wolves
  2 centaurs
  6 bullfrogs
  A gnoll sergeant (D:13)
  2 killer bees (D:11)
  A howler monkey (D:11)
  An orc priest (Orc:2)
  A hound (D:9)
  An orc wizard (Orc:1)
  3 hell rats (Lair:5)
  6 adders (Lair:3)
  2 gnolls (D:13)
  8 orcs
  A kobold (D:11)
200 creatures vanquished.

Vanquished Creatures (others)
  Gastronok (D:8)
  A bunyip (Swamp:1)
  2 hydras
  2 boulder beetles
  2 alligators
  A death yak (Lair:4)
  A death drake (Swamp:4)
  An orc knight (Orc:2)
  4 swamp dragons
  A lindwurm (Lair:3)
  2 orc sorcerers
  An unseen horror (D:8)
  A rime drake (Lair:5)
  A komodo dragon (Lair:5)
  3 trolls
  A bloated husk (Swamp:1)
  A dream sheep (Lair:5)
  2 alligator zombies
  A yak (shapeshifter) (D:9)
  A basilisk (Lair:2)
  A warg (Orc:2)
  4 two-headed ogre zombies
  A steam dragon (Lair:4)
  2 hell hounds (Orc:2)
  A water moccasin (Lair:3)
  2 swamp drakes
  A cane toad zombie (Lair:5)
  6 orc warriors
  2 swamp dragon zombies (Swamp:3)
  A hornet zombie (Swamp:4)
  5 ogres
  A blink frog zombie (Lair:5)
  3 centaurs
  A bullfrog (Lair:5)
  A gnoll sergeant (D:12)
  3 hell hound zombies (Orc:2)
  A scorpion (D:11)
  A water moccasin zombie (Lair:3)
  A warg zombie (Orc:2)
  2 troll zombies
  4 centaur zombies
  2 bullfrog zombies (Lair:2)
  A hell rat (Lair:5)
  4 orc wizards (Orc:1)
  A human zombie (D:12)
  9 ogre zombies
  2 howler monkey zombies (D:11)
  3 hell rat zombies (Lair:5)
  An adder (D:11)
  4 orcs
  A bat zombie (D:9)
  A giant cockroach (D:13)
  13 gnoll zombies
  A bat (D:9)
  A giant cockroach zombie (D:13)
  A kobold (D:12)
  5 kobold zombies
  26 orc zombies
  2 rats
  A rat zombie (D:9)
  13 foxfires
  18 fungi
  22 plants
206 creatures vanquished.

Grand Total: 781 creatures vanquished

Notes
Turn   | Place    | Note
-------+----------+-------------------------------------------
     0 | D:1      | FexLirch the Meteoran Earth Elementalist began the quest
                  | for the Orb.
     0 | D:1      | Reached XP level 1. HP: 14/14 MP: 5/5
   100 | D:1      | Reached XP level 2. HP: 20/20 MP: 2/6
   102 | D:1      | Found Sishreuff's Antique Weapon Emporium.
   115 | D:1      | Reached skill level 1 in Conjurations
   119 | D:1      | Reached skill level 3 in Spellcasting
   128 | D:1      | Found Dokh's Distillery.
   142 | D:1      | Reached XP level 3. HP: 24/26 MP: 3/8
   248 | D:2      | Learned a level 2 spell: Passwall
   252 | D:2      | Learned a level 3 spell: Stone Arrow
   273 | D:2      | Found Kiraluejea's Weapon Boutique.
   346 | D:1      | Found a faded altar of an unknown god.
   371 | D:1      | Found Aruehy's Distillery.
   372 | D:1      | Found Wuhinill's Magic Scroll Emporium.
   471 | D:1      | Found Cydyahon's Distillery.
   564 | D:1      | Reached XP level 4. HP: 33/33 MP: 8/10
   608 | D:1      | Bought a potion of heal wounds for 60 gold pieces
   763 | D:4      | Noticed a phantom
   772 | D:4      | Killed a phantom
   773 | D:4      | Reached skill level 4 in Spellcasting
   773 | D:4      | Reached XP level 5. HP: 7/38 MP: 3/12
   833 | D:4      | Reached skill level 5 in Earth Magic
   839 | D:4      | Reached XP level 6. HP: 45/45 MP: 13/13
   846 | D:5      | Entered Level 5 of the Dungeon
   918 | D:5      | Reached skill level 5 in Spellcasting
   918 | D:5      | Reached XP level 7. HP: 50/50 MP: 12/15
  1112 | D:5      | Reached skill level 5 in Conjurations
  1144 | D:5      | Reached XP level 8. HP: 57/57 MP: 1/17
  1367 | D:4      | Reached skill level 6 in Spellcasting
  1418 | D:4      | Found a hazy altar of Hepliaklqana.
  1681 | D:6      | Noticed a kobold demonologist
  1686 | D:6      | Noticed an ice devil
  1689 | D:6      | Noticed a ynoxinul
  1790 | D:6      | Found a snail-covered altar of Cheibriados.
  1849 | D:7      | Found a broken altar of Ashenzari.
  1851 | D:7      | Noticed a two-headed ogre
  1864 | D:7      | Killed a two-headed ogre
  1865 | D:7      | Reached skill level 9 in Spellcasting
  1865 | D:7      | Gained mutation: You passively map the area around you.
                  | [Meteoran growth]
  1865 | D:7      | Reached XP level 9. HP: 45/62 MP: 4/23
  1910 | D:6      | Found a staircase to the Ecumenical Temple.
  1919 | Temple   | Entered the Ecumenical Temple
  1931 | Temple   | Became a worshipper of Kikubaaqudgha
  2016 | D:6      | Noticed Menkaure
  2017 | D:6      | Killed Menkaure
  2018 | D:6      | Reached skill level 1 in Fighting
  2018 | D:6      | Reached skill level 10 in Spellcasting
  2018 | D:6      | Reached skill level 1 in Necromancy
  2086 | D:6      | Killed a kobold demonologist
  2090 | D:6      | Reached XP level 10. HP: 60/74 MP: 9/25
  2260 | D:10     | Entered Level 10 of the Dungeon
  2311 | D:9      | Found a huge runed translucent gate.
  2312 | D:9      | Found a huge runed translucent gate.
  2314 | D:9      | Found a huge runed translucent gate.
  2316 | D:9      | Found a huge runed translucent gate.
  2354 | D:9      | Reached skill level 11 in Spellcasting
  2386 | D:9      | Found an opulent altar of Gozag.
  2612 | D:9      | Noticed Prince Ribbit
  2615 | D:9      | Killed Prince Ribbit
  2647 | D:9      | Reached * piety under Kikubaaqudgha
  2647 | D:9      | Received a gift from Kikubaaqudgha
  2653 | D:9      | Learned a level 4 spell: Animate Dead
  2658 | D:9      | Learned a level 4 spell: Anguish
  2725 | D:9      | Reached skill level 5 in Dodging
  2749 | D:9      | Found a flagged portal.
  2764 | Bailey   | Entered a bailey
  2849 | Bailey   | Noticed an orc knight
  2867 | Bailey   | Killed an orc knight
  2870 | Bailey   | HP: 3/78 [gnoll/+2 halberd of draining (3)]
  2989 | D:10     | Found a stormy altar of Qazlal.
  3029 | D:11     | Reached ** piety under Kikubaaqudgha
  3049 | D:11     | Reached skill level 12 in Spellcasting
  3059 | D:11     | Paralysed by a hornet for 3 turns
  3133 | D:11     | Acquired the ring "Morchoxorph" {rElec Will+ Int+3 Dex-2}
  3175 | D:11     | Reached XP level 11. HP: 85/85 MP: 24/28
  3178 | D:11     | Reached skill level 5 in Fighting
  3180 | D:11     | Reached skill level 5 in Necromancy
  3192 | D:11     | You fall into a shaft and drop 3 floors!
  3217 | D:14     | Noticed a cyclops
  3246 | D:13     | Noticed an eight-headed hydra
  3260 | D:13     | Killed an eight-headed hydra
  3301 | D:13     | Found a frozen archway.
  3335 | D:13     | Found Ofecorgho's Antique Weapon Emporium.
  3338 | D:13     | Noticed a two-headed ogre
  3343 | D:13     | Killed a two-headed ogre
  3407 | D:13     | Noticed a mana viper
  3414 | D:13     | a mana viper changed into a komodo dragon
  3416 | D:13     | Noticed a black mamba
  3416 | D:13     | a komodo dragon changed into a black mamba
  3425 | D:13     | Killed a black mamba
  3448 | D:13     | Noticed a deep elf zephyrmancer
  3460 | D:13     | Killed a deep elf zephyrmancer
  3590 | D:12     | Found a white marble altar of Elyvilon.
  3645 | D:12     | Noticed Maurice
  3645 | D:12     | Noticed Lodul
  3668 | D:12     | Reached skill level 13 in Spellcasting
  3672 | D:12     | Killed Maurice
  3680 | D:12     | Your ally Maurice died
  3683 | D:12     | Killed Lodul
  3684 | D:12     | Reached XP level 12. HP: 43/97 MP: 3/30
  3881 | D:12     | Noticed a boulder beetle
  3890 | D:12     | Killed a boulder beetle
  3982 | D:12     | Noticed a boulder beetle
  3989 | D:12     | Killed a boulder beetle
  3990 | D:12     | Reached skill level 1 in Shields
  4131 | D:11     | Reached *** piety under Kikubaaqudgha
  4131 | D:11     | Received a gift from Kikubaaqudgha
  4141 | D:11     | Learned a level 5 spell: Borgnjor's Vile Clutch
  4146 | D:11     | Learned a level 4 spell: Dispel Undead
  4153 | D:11     | Learned a level 6 spell: Death Channel
  4203 | D:11     | Noticed Urug
  4207 | D:11     | Killed Urug
  4344 | D:10     | Noticed a two-headed ogre
  4351 | D:10     | Killed a two-headed ogre
  4352 | D:10     | Reached skill level 1 in Hexes
  4352 | D:10     | Reached skill level 1 in Ice Magic
  4451 | D:10     | Found a shimmering blue altar of Sif Muna.
  4596 | D:10     | Reached **** piety under Kikubaaqudgha
  4644 | D:10     | Found a staircase to the Orcish Mines.
  4657 | Orc:1    | Entered Level 1 of the Orcish Mines
  4664 | Orc:1    | Noticed a two-headed ogre
  4666 | Orc:1    | Reached XP level 13. HP: 19/107 MP: 19/31
  4669 | Orc:1    | Reached skill level 10 in Necromancy
  4674 | Orc:1    | Killed a two-headed ogre
  4675 | Orc:1    | HP: 5/107 [orc priest/divine providence (11)]
  4722 | Orc:1    | Reached skill level 14 in Spellcasting
  4869 | Orc:2    | Entered Level 2 of the Orcish Mines
  4869 | Orc:2    | Noticed Azrael
  4882 | Orc:2    | Reached ***** piety under Kikubaaqudgha
  4882 | Orc:2    | Killed Azrael
  4888 | Orc:2    | Noticed a two-headed ogre
  4895 | Orc:2    | Killed a two-headed ogre
  4896 | Orc:2    | Reached skill level 5 in Shields
  4899 | Orc:2    | Noticed a two-headed ogre
  4904 | Orc:2    | Killed a two-headed ogre
  4904 | Orc:2    | Killed an ogre mage
  4908 | Orc:2    | Noticed an ogre mage
  4912 | Orc:2    | Noticed a two-headed ogre
  4914 | Orc:2    | Noticed a two-headed ogre
  4915 | Orc:2    | Noticed a two-headed ogre
  4965 | Orc:2    | Learned a level 3 spell: Vampiric Draining
  4973 | Orc:2    | Learned a level 6 spell: Simulacrum
  5008 | Orc:2    | Noticed an ogre mage
  5011 | Orc:2    | Noticed a two-headed ogre
  5071 | Orc:2    | Killed an ogre mage
  5088 | Orc:2    | Killed a two-headed ogre
  5089 | Orc:2    | Reached skill level 5 in Hexes
  5094 | Orc:2    | Found a staircase to the Elven Halls.
  5095 | Orc:2    | Found Ufegorim's Distillery.
  5119 | Orc:2    | Killed a two-headed ogre
  5160 | Orc:2    | Noticed a two-headed ogre
  5167 | Orc:2    | Killed a two-headed ogre
  5168 | Orc:2    | Reached XP level 14. HP: 82/118 MP: 4/33
  5184 | Orc:2    | Found Guph's Antique Armour Emporium.
  5184 | Orc:2    | Found Surph's Distillery.
  5186 | Orc:2    | Found Gatt's Distillery.
  5186 | Orc:2    | Found Kasi's Jewellery Shop.
  5221 | Orc:2    | Reached skill level 5 in Ice Magic
  5243 | Orc:2    | Bought a ring of see invisible for 210 gold pieces
  5243 | Orc:2    | Bought a +6 ring of intelligence for 504 gold pieces
  5246 | Orc:2    | Bought a potion of heal wounds for 70 gold pieces
  5364 | Orc:2    | Bought 3 potions of heal wounds for 180 gold pieces
  5598 | D:8      | Found a white marble altar of Elyvilon.
  5755 | D:8      | Found a staircase to the Lair.
  5757 | D:8      | Noticed Gastronok
  5765 | D:8      | Killed Gastronok
  5782 | Lair:1   | Entered Level 1 of the Lair of Beasts
  5800 | Lair:1   | Reached skill level 15 in Spellcasting
  5919 | Lair:2   | Noticed Nergalle
  5931 | Lair:2   | Killed Nergalle
  5932 | Lair:2   | Reached skill level 10 in Fighting
  6121 | Lair:2   | Learned a level 4 spell: Cause Fear
  6253 | Lair:3   | Reached ****** piety under Kikubaaqudgha
  6277 | Lair:3   | Found a staircase to the Snake Pit.
  6304 | Lair:3   | Reached XP level 15. HP: 113/126 MP: 21/35
  6390 | Lair:3   | Found a staircase to the Swamp.
  6515 | Lair:4   | Noticed Snorg
  6527 | Lair:4   | Killed Snorg
  6712 | Lair:5   | Entered Level 5 of the Lair of Beasts
  7130 | Lair:5   | Reached XP level 16. HP: 98/137 MP: 4/36
  7266 | Swamp:1  | Entered Level 1 of the Swamp
  7332 | Swamp:1  | Reached skill level 16 in Spellcasting
  7405 | Swamp:2  | Noticed a thorn hunter
  7414 | Swamp:2  | Killed a thorn hunter
  7415 | Swamp:2  | Identified the +0 scale mail of Rallonis {Int+2}
  7462 | Swamp:3  | Noticed a thorn hunter
  7468 | Swamp:3  | Killed a thorn hunter
  7584 | Swamp:3  | Reached skill level 15 in Necromancy
  7708 | Swamp:2  | Reached skill level 10 in Shields
  7829 | Swamp:1  | You fall into a shaft and drop 1 floor!
  7895 | Swamp:4  | Entered Level 4 of the Swamp
  7902 | Swamp:4  | Reached XP level 17. HP: 95/146 MP: 33/38
  8028 | Swamp:4  | Reached skill level 10 in Hexes
  8064 | Swamp:4  | HP: 5/146 [alligator zombie (5)]
  8065 | Swamp:4  | Succumbed to poison (dark miasma)

Illustrated notes

Levels and vault maps discovered:
D:1:      lightli_arrival_maybe_door_vault, layout_basic, serial_shops, shop,
          shop, shop, shop, nicolae_shop_stone,
          hellmonk_ecumenical_altar_heavens_door, hangedman_glass_garden
D:2:      layout_basic, serial_shops, nicolae_shop_bloodbath_and_beyond,
          shop_fountains, uniq_terence, uniq_crazy_yiuf_cottage
D:3:      layout_basic, okawaru_metal_pillars_1_2, uniq_sigmund
D:4:      layout_layer_cave, mainiacjoe_overflow_catwalk, serial_bayou,
          serial_bayou_pond_d, serial_bayou_pond_d, serial_bayou_pond_e,
          serial_bayou_lake_a
D:5:      layout_rooms
D:6:      layout_cave_pools, mainiacjoe_overflow_tiny_flanked,
          mainiacjoe_overflow_surrounded_room, minmay_temple_entry_waves,
          nicolae_elevator_lobby_plus, uniq_menkaure
D:7:      layout_basic, cheibrodos_ashenzari_chains
D:8:      layout_loops_ring, mainiacjoe_overflow_brackets,
          erik_lair_orcish_takeover, moated_statue, uniq_gastronok
D:9:      lemuel_bear_cage, layout_grid_maze, nicolae_gozag_seed_capital,
          enter_bailey_5, uniq_prince_ribbit1
D:10:     layout_loops_corners, tgw_sif, nicolae_qazlal_general_emergency,
          erik_orc_2
D:11:     layout_irregular_city, uniq_urug
D:12:     layout_gridville, elyvilon_altar_5, uniq_maurice, uniq_lodul
D:13:     layout_gridville, david_vaults_1, portal_ice_cave_entry_pillars_1,
          serial_shops, nicolae_inconvenience_store
D:14:     layout_grid_maze, minivault_25, gauntlet_entry_generic,
          nemelex_xobeh_ov_fountains_minmay, uniq_kirke, uniq_jorgrun,
          uniq_roxanne
Temple:   nicolae_temple_god_jail
Lair:1:   layout_gridlike, minivault_27, minmay_lair_oklob_items,
          cheibrodos_lair_caveside_slide
Lair:2:   layout_chaotic_city, eino_small_chamber_without_monster, uniq_nergalle
Lair:3:   lemuel_reptile_caves, layout_regular_city, swamp_mist,
          dummy_snake_entry, minivault_19
Lair:4:   layout_concentric_octagons, hangedman_tree_tricks,
          minmay_lair_oklob_bushes, minivault_23, chequers_serial_rivers_room_b,
          grunt_megastairs_1, uniq_snorg
Lair:5:   evilmike_catoblepas_cave, layout_hall_layers,
          minmay_slime_entry_oklob_enclosed, chequers_serial_rivers_micro_b
Swamp:1:  layout_basic_swamp, evilmike_swamp_ruin_house_4
Swamp:2:  layout_basic_swamp, hangedman_swamp_cone
Swamp:3:  layout_basic_swamp, hangedman_swamp_ruin_wall,
          infiniplex_staircase_pool
Swamp:4:  swamp_pestilence, layout_basic_swamp
Orc:1:    layout_caves
Orc:2:    st_orc_ogre_mass, layout_caves, serial_shops, shop, basic_altar,
          uniq_azrael

Skill      XL: |  1  2  3  4  5  6  7  8  9 10 11 12 13 14 15 16 17 |
---------------+----------------------------------------------------+-----
Conjurations   | 1 2 3 4 5 6 |  6.0
Spellcasting   | 3 4 5 9 10 12 13 14 15 16 | 16.6
Earth Magic    | 4 5 6 8 |  8.0
Fighting       | 2 4 6 8 9 10 11 12 | 12.0
Necromancy     | 2 4 8 9 11 13 14 15 | 15.7
Dodging        | 3 6 7 8 9 |  9.0
Shields        | 3 5 7 9 10 | 10.4
Hexes          | 2 5 7 8 9 10 | 10.0
Ice Magic      | 2 4 6 7 8 9 |  9.2
Stealth        | |  1.4
Transmutations | |  1.2

Action                   |  1- 3 |  4- 6 |  7- 9 | 10-12 | 13-15 | 16-18 || total
-------------------------+-------+-------+-------+-------+-------+-------++-------
Melee: Unarmed           |     1 |       |       |       |       |       ||     1
       Flail             |       |       |     1 |    11 |       |       ||    12
       Spear             |       |       |       |       |   105 |    16 ||   121
Throw: Dart              |       |       |     2 |       |       |       ||     2
       Javelin           |       |       |       |     4 |       |       ||     4
 Cast: Sandblast         |    38 |    37 |    42 |   108 |    23 |     1 ||   249
       Passwall          |     1 |     3 |     1 |    30 |    11 |       ||    46
       Stone Arrow       |       |       |    36 |   150 |   134 |    50 ||   370
       Animate Dead      |       |       |       |     9 |     8 |     4 ||    21
       Anguish           |       |       |       |     5 |     6 |       ||    11
       Borgnjor's Vile C |       |       |       |     4 |    60 |    43 ||   107
       Death Channel     |       |       |       |     1 |    10 |     3 ||    14
       Vampiric Draining |       |       |       |       |    12 |     9 ||    21
       Simulacrum        |       |       |       |       |    19 |    12 ||    31
       Cause Fear        |       |       |       |       |     3 |     1 ||     4
       Dispel Undead     |       |       |       |       |       |     3 ||     3
Invok: Unearth Wretches  |       |       |       |     5 |    10 |     3 ||    18
Evoke: Wand              |       |       |       |     4 |       |     5 ||     9
  Use: Scroll            |       |     1 |       |    14 |     5 |     7 ||    27
       Potion            |       |       |       |     8 |     2 |     2 ||    12
 Stab: Paralysed         |       |       |       |     1 |     1 |     1 ||     3
       Distracted        |       |       |       |       |     1 |       ||     1
       Petrified         |       |       |       |       |     1 |       ||     1
Armor: Robe              |     4 |     3 |     4 |       |       |       ||    11
       Leather armour    |       |       |     7 |    38 |       |       ||    45
       Troll leather arm |       |       |       |    29 |    66 |    16 ||   111
Dodge: Dodged            |    13 |    10 |    19 |    94 |    95 |    38 ||   269
Block: Kite shield       |       |       |       |    33 |   108 |    37 ||   178
